 Dungeon Crawl Stone Soup version 0.31-a0-232-gb1c03b2570 (webtiles) character file.

Game seed: 8415424291818497620

179 qw the Shooter (level 5, -1/30 HPs)
             Began as a Gargoyle Hexslinger on July 6, 2023.
             Slain by an iguana (7 damage)
             ... on level 5 of the Dungeon.
             The game lasted 00:01:00 (1780 turns).

qw the Shooter (Gargoyle Hexslinger)                Turns: 1780, Time: 00:01:01

Health: -1/30      AC: 10    Str: 12    XL:     5   Next: 59%
Magic:  6/6        EV: 10    Int: 13    God:
Gold:   107        SH:  0    Dex: 14    Spells: 5/6 levels left

rFire   . . .        Y - +0 sling (elec)
rCold   . . .        (no shield)
rNeg    + . .        d - +0 ring mail
rPois   inf          (no helmet)
rElec   +            i - +0 cloak
rCorr   .            (no gloves)
SInv    .            (no boots)
Will    .....        k - amulet of the acrobat
Stlth   +            (no ring)
HPRegen 0.25/turn    (no ring)
MPRegen 0.10/turn

%: acrobat
@: no status effects
A: sickness immunity, AC +4, negative energy resistance 1, electricity
resistance, torment resistance 1, petrification resistance
a: no special abilities


You were on level 5 of the Dungeon.
You visited 1 branch of the dungeon, and saw 5 of its levels.

You collected 107 gold pieces.


Innate Abilities, Weirdness & Mutations

You are immune to sickness and miasma.
Your stone body is resilient. (AC +4)
You are immune to poison.
You resist negative energy. (rN+)
You are resistant to electric shocks. (rElec)
You are resistant to unholy torment.
You are immune to petrification.


   Skills:
 + Level 2.1 Fighting
 - Level 5.1 Ranged Weapons
 - Level 1.0 Armour
 - Level 1.5 Dodging
 - Level 1.0 Spellcasting
 - Level 2.6 Hexes


You had 5 spell levels left.
You knew the following spells:

 Your Spells              Type           Power      Damage    Failure   Level
a - Slow                  Hex            28%        N/A       22%         1

Your spell library contained the following spells:

 Spells                   Type           Power      Damage    Failure   Level
 Inner Flame              Hex/Fire       4%         N/A       73%         3
 Portal Projectile        Hex/Tloc       8%         N/A       73%         3
 Cause Fear               Hex            3%         N/A       91%         4

Inventory:

Hand Weapons
 Y - a +0 sling of electrocution (weapon)
Armour
 d - a +0 ring mail (worn)
 i - a +0 cloak (worn)
Jewellery
 k - an amulet of the acrobat (around neck)
Scrolls
 a - a scroll of identify
 b - 2 scrolls of teleportation
Potions
 f - a potion of degeneration {unknown}
 g - a potion of might {unknown}
 h - a potion of enlightenment
 l - a potion of curing {unknown}
 m - a potion of cancellation {unknown}
 n - a potion of heal wounds
 o - a potion of resistance {unknown}

Dungeon Overview and Level Annotations

Branches:
Dungeon (6/15)
 Temple: D:4-7

Altars:

Annotations:
D:5 Sigmund


Message History

There is a stone staircase leading up here.
1772 ||| STAIRDANCE You climb upwards.
Sigmund shouts!
The iguana hisses angrily.
The howler monkey howls!
Found a scroll labelled QEIFFIYSHRYGG.
Found a stone staircase leading down.
There is a stone staircase leading down here.
Waypoint 4 assigned to D:5.
You shoot a sling bullet.
The sling bullet closely misses the howler monkey.
You shoot a sling bullet.
The sling bullet hits the howler monkey!
The howler monkey is heavily wounded.
The howler monkey hoots and howls with incredible vigour!
Sigmund closely misses you. The howler monkey hits you.
You hear a shout! x5; You hear an angry hiss.
You hear a shout!
You hear a howl!
You hear a bark!
You shoot a sling bullet.
The sling bullet barely misses the howler monkey.
The howler monkey barely misses you.
Sigmund hits you from afar with a +0 scythe.
You shoot a sling bullet.
The sling bullet hits the howler monkey but does no damage.
The howler monkey is heavily wounded.
The howler monkey hits you. x2
Sigmund giggles. "Time to reap what you sow."
Sigmund hits you from afar with a +0 scythe.
You shoot a sling bullet.
The sling bullet hits the howler monkey.
Lightning courses through the howler monkey!
You kill the howler monkey!
The iguana bites you but does no damage.
Sigmund hits you from afar with a +0 scythe!
Your Ranged Weapons skill increases to level 5!
You shoot a sling bullet.
The sling bullet hits the iguana but does no damage.
The iguana closely misses you.
An orc comes into view. It is wielding a +0 mace.
You shoot a sling bullet. The sling bullet hits the iguana.
The iguana is moderately wounded.
Sigmund hits you but does no damage. The iguana bites you! x2
You die...

##### ####
#...#
.......... .
.....#...####.#
.........#...
.......@...#
..........#
...?...@..#
.......l..#
.....#....#
.... .......
... .......##
.. o..##.... .
.... ..##.
..... #.> ..


You could see Sigmund, an iguana and an orc.

Vanquished Creatures
  A howler monkey (D:5)
  Terence (D:2)
  A gnoll (D:1)
  4 adders
  An ufetubus (D:3)
  A worm (D:2)
  2 dart slugs
  An orc (D:2)
  6 bats
  5 endoplasms
  2 giant cockroaches
  5 goblins
  6 hobgoblins
  6 jackals
  3 kobolds
  2 quokkas
  2 ball pythons
  A frilled lizard (D:3)
  7 rats
57 creatures vanquished.

Notes
Turn   | Place    | Note
-------+----------+-------------------------------------------
     0 | D:1      | qw the Gargoyle Hexslinger began the quest for the Orb.
     0 | D:1      | Reached XP level 1. HP: 12/12 MP: 2/2
     0 | D:1      | 0 ||| qw: Version: 0.3-a-46-gb1f654a
     0 | D:1      | 0 ||| qw: Game counter: 2066
     0 | D:1      | 0 ||| qw: Melee chars always use a shield: true
     0 | D:1      | 0 ||| qw: God list: Okawaru
     0 | D:1      | 0 ||| qw: Allow faded altars: false
     0 | D:1      | 0 ||| qw: Do Orc after clearing Dungeon:15 true
     0 | D:1      | 0 ||| qw: Do second Lair branch before Depths: true
     0 | D:1      | 0 ||| qw: Lair rune preference: random
     0 | D:1      | 0 ||| qw: Goals: Normal
     0 | D:1      | 0 ||| PLANNING D:1-11
    80 | D:1      | Reached XP level 2. HP: 16/16 MP: 3/3
   123 | D:1      | Reached skill level 3 in Ranged Weapons
   124 | D:1      | 124 ||| FLEEEEING.
   125 | D:1      | 125 ||| FLEEEEING.
   127 | D:1      | 127 ||| FLEEEEING.
   218 | D:1      | Reached XP level 3. HP: 12/21 MP: 4/4
   218 | D:1      | 218 ||| FLEEEEING.
   366 | D:1      | Found a faded altar of an unknown god.
   486 | D:1      | 486 ||| UPGRADING to +0 cloak.
   491 | D:1      | 491 ||| UPGRADING to amulet of the acrobat.
   496 | D:1      | 496 ||| READING 3 scrolls labelled HUNUTO YPTYRU.
   497 | D:1      | 497 ||| READING scroll labelled HILOTH FOJIQ.
   502 | D:1      | 502 ||| DRINKING 2 clear potions.
   510 | D:1      | 510 ||| READING 2 scrolls of identify.
   510 | D:1      | 510 ||| IDENTIFYING lumpy clear potion
   511 | D:1      | 511 ||| DROPPING scroll of poison.
   512 | D:1      | 512 ||| DROPPING potion of lignification.
   513 | D:1      | 513 ||| DROPPING potion of ambrosia.
   651 | D:2      | 651 ||| READING scroll labelled HUBRAI HUCOABI.
   652 | D:2      | 652 ||| DRINKING 2 puce potions.
   814 | D:2      | Reached XP level 4. HP: 26/26 MP: 5/5
   932 | D:2      | 932 ||| UPGRADING to +0 leather armour.
   945 | D:2      | 945 ||| DROPPING +0 robe.
  1154 | D:2      | Reached skill level 4 in Ranged Weapons
  1189 | D:2      | Noticed Terence
  1199 | D:2      | Killed Terence
  1222 | D:2      | 1222 ||| UPGRADING to +0 ring mail.
  1232 | D:2      | 1232 ||| DROPPING +0 leather armour.
  1331 | D:2      | Reached skill level 1 in Armour
  1374 | D:2      | 1374 ||| SWAPPING to +0 sling of electrocution.
  1375 | D:2      | 1375 ||| DROPPING +1 sling.
  1561 | D:2      | 1561 ||| DROPPING amulet of guardian spirit.
  1562 | D:2      | 1562 ||| READING scroll labelled ECIOD GURGHAT.
  1587 | D:3      | 1587 ||| PLANNING SEWER
  1620 | D:3      | Reached XP level 5. HP: 26/30 MP: 6/6
  1741 | D:3      | You fall into a shaft and drop 3 floors!
  1764 | D:6      | 1764 ||| READING scroll labelled ESUGIX JUFISCH.
  1765 | D:6      | 1765 ||| DRINKING 2 inky potions.
  1766 | D:6      | Noticed a steam dragon
  1767 | D:6      | 1767 ||| FLEEEEING.
  1768 | D:6      | 1768 ||| FLEEEEING.
  1769 | D:6      | 1769 ||| FLEEEEING.
  1770 | D:6      | 1770 ||| FLEEEEING.
  1771 | D:6      | 1771 ||| FLEEEEING.
  1772 | D:6      | 1772 ||| STAIRDANCE
  1773 | D:5      | Entered Level 5 of the Dungeon
  1773 | D:5      | Noticed Sigmund
  1779 | D:5      | Reached skill level 5 in Ranged Weapons
  1780 | D:5      | HP: 6/30 [iguana (9)]
  1780 | D:5      | Slain by an iguana

Levels and vault maps discovered:
D:1:      minmay_arrival_nine_rooms, layout_rooms,
          dreamdust_ecumenical_altar_statues, nicolae_grassy_gnolls
D:2:      layout_loops_corners, serial_bayou_lake_a, uniq_terence
D:3:      layout_basic, ebering_ghost_gozag, gup_sewer_entry_bubbles, uniq_robin
D:5:      layout_rooms, serial_shops, nicolae_shop_industrial_runoff,
          uniq_sigmund
D:6:      layout_gridville, lemuel_crystal_altar, serial_rivers,
          chequers_serial_rivers_room_a, chequers_serial_rivers_micro_b,
          chequers_serial_rivers_micro_c, chequers_serial_rivers_micro_b,
          chequers_serial_rivers_micro_c, chequers_serial_rivers_room_b

Skill      XL: |  1  2  3  4  5 |
---------------+----------------+-----
Ranged Weapons | 3 4 5 |  5.1
Fighting       | 2 |  2.1
Armour         | 1 |  1.0
Dodging        | |  1.5
Spellcasting   | |  1.0
Hexes          | |  2.6

Action                     |  1- 3 |  4- 6 || total
---------------------------+-------+-------++-------
   Fire: Sling             |    96 |   111 ||   207
    Use: Scroll            |     4 |     2 ||     6
         Potion            |     2 |     1 ||     3
 Armour: Robe              |    13 |     1 ||    14
         Leather armour    |       |     7 ||     7
         Ring mail         |       |     9 ||     9
         Skin              |       |     1 ||     1
  Dodge: Dodged            |    25 |    53 ||    78

Table legend:
 A = Non-vault XP
 B = Vault XP
 C = Vault XP percentage of total XP
 D = Non-vault monster count
 E = Vault monster count
 F = Vault count percentage of total count
                 A         B        C        D         E       F
            +---------+---------+-------+---------+---------+-------
      Total |     206 |      51 |  19.8 |      55 |       2 |   3.5
            +---------+---------+-------+---------+---------+-------
        D:1 |      38 |      15 |  28.3 |      21 |       1 |   4.5
        D:2 |      73 |      36 |  33.0 |      25 |       1 |   3.8
        D:3 |      30 |       0 |   0.0 |       7 |       0 |   0.0
        D:5 |      51 |       0 |   0.0 |       1 |       0 |   0.0
        D:6 |      14 |       0 |   0.0 |       1 |       0 |   0.0
            +---------+---------+-------+---------+---------+-------
